 Dungeon Crawl Stone Soup version 0.30-a0-758-gc2c871d025 (console) character file.

Game seed: 8210505153384995116

482 Ignak the Ogre Mage (level 7, 0/59 (67) HPs)
             Began as an Ogre Hedge Wizard on Feb 10, 2023.
             Slain by a lemure (5 damage)
             ... led by Pikel
             ... on level 4 of the Dungeon.
             The game lasted 00:11:39 (4697 turns).

Ignak the Ogre Mage (Ogre Hedge Wizard)             Turns: 4697, Time: 00:11:40

HP:   0/59 (67)     AC:  3    Str: 17    XL:     7   Next: 12%
MP:   4/13          EV: 10    Int: 15    God:
Gold: 146           SH:  0    Dex:  8    Spells: 7/15 levels left

rFire   . . .      SeeInvis .    g - +1 dagger (drain)
rCold   . . .      Faith    .    (no shield)
rNeg    . . .      Spirit   .    l - +0 robe {Archmagi}
rPois   .          Reflect  .    c - +0 hat
rElec   .          Harm     .    (no cloak)
rCorr   .          Rampage  .    (gloves unavailable)
Will    .....      Archmagi +    (boots unavailable)
Stlth   +                        (no amulet)
HPRegen 0.29/turn                (no ring)
MPRegen 0.13/turn                (no ring)

@: heavily drained
A: large, unfitting armour, tough skin 1
a: no special abilities


You were on level 4 of the Dungeon.
You visited 1 branch of the dungeon, and saw 4 of its levels.
You also visited: Sewer.

You collected 146 gold pieces.

Inventory:

Hand Weapons
 g - a +1 dagger of draining (weapon)
 n - a +0 hand axe
Armour
 b - a +0 robe
 c - a +0 hat (worn)
 l - a +0 robe of the Archmagi (worn)
Wands
 h - a wand of charming (5)
Scrolls
 e - a scroll of identify
 f - 3 scrolls of fear
 i - a scroll of teleportation
Potions
 d - a potion of magic
 j - 2 potions of heal wounds
 m - a potion of haste


   Skills:
 + Level 3.1 Fighting
 + Level 1.9 Axes
 + Level 1.6 Armour
 + Level 2.7 Dodging
 - Level 1.4 Stealth
 + Level 4.5 Spellcasting
 + Level 2.3 Conjurations
 - Level 1.0 Summonings
 + Level 2.3 Translocations
 + Level 1.5 Air Magic
 + Level 1.4 Poison Magic


You had 7 spell levels left.
You knew the following spells:

 Your Spells              Type           Power      Damage    Failure   Level
a - Magic Dart            Conj           60%        1d6       6%          1
b - Blink                 Tloc           30%        N/A       10%         2
d - Mephitic Cloud        Conj/Pois/Air  13%        N/A       26%         3
e - Call Imp              Summ           9%         N/A       17%         2

Your spell library contained the following spells:

 Spells                   Type           Power      Damage    Failure   Level
 Slow                     Hex            20%        N/A       17%         1
 Cigotuvi's Dreadful Rot  Necr/Pois/Air  18%        N/A       17%         2
 Portal Projectile        Hex/Tloc       20%        N/A       32%         3
 Tukima's Dance           Hex            5%         N/A       45%         3
 Manifold Assault         Tloc           15%        N/A       54%         4
 Blade Hands              Tmut           2%         N/A       99%         5
 Storm Form               Tmut/Air       4%         N/A       100%        7


Dungeon Overview and Level Annotations

Branches:
Dungeon (4/15)              Sewer (visited)
 Temple: D:4-7

Altars:

Shops:
D:2 [   D:4 (

Annotations:
D:4 Pikel


Innate Abilities, Weirdness & Mutations

You are too large for most types of armour.
You have tough skin. (AC +1)


Message History

Pikel is engulfed in noxious fumes.
Pikel appears confused.
Pikel hits the lemure with a +1 whip of freezing!
Pikel freezes the lemure.
Pikel is engulfed in noxious fumes.
Pikel appears confused.
Pikel laughs crazily.
Pikel barely misses you.
You hit Pikel.
Pikel is lightly wounded.
Pikel is engulfed in noxious fumes.
Pikel appears confused.
You hit Pikel.
Pikel is lightly wounded.
You closely miss the lemure.
The lemure is severely wounded.
You barely miss Pikel. Pikel misses you. The lemure barely misses you.
Your magical contamination has completely faded away.
You catch the helpless Pikel completely off-guard!
You hit Pikel but do no damage.
Pikel is lightly wounded.
You barely miss the lemure.
Pikel hits you with a +1 whip of freezing.
Pikel freezes you. The lemure hits you.
You sense an unholy aura.
g - a +1 dagger of draining (weapon)
The lemure shouts!
You hit the lemure.
The lemure is severely wounded.
The lemure hits you. x2
The lemure attacks as you move away! The lemure hits you.
Pikel hits you with a +1 whip of freezing.
Pikel freezes you. The lemure barely misses you.
You hit Pikel.
Pikel is lightly wounded.
Pikel hits you with a +1 whip of freezing!
* * * LOW HITPOINT WARNING * * *
Pikel freezes you.
* * * LOW HITPOINT WARNING * * *
The lemure hits you.
* * * LOW HITPOINT WARNING * * *
The lemure hits you.
You die...

#........# #)####
##........#### #.[..#
..........+..###########.#
..........##.........###.##
...........(..............#
...........##........######
...........##........#
...........##...K....#
...........##...@....#
##########....#55#####
####.##.# #.##5# #.##.#
#.##.### #......
####.###### #5....ยง....


You could see Pikel (confused) and 3 lemures.

Vanquished Creatures
  A lemure (D:4)
  A necrophage (D:4)
  A bullfrog (Sewer)
  An orc priest (D:4)
  4 adders
  3 gnolls (D:4)
  5 orcs (D:4)
  3 bats
  2 endoplasms
  3 giant cockroaches
  6 goblins
  4 hobgoblins
  5 jackals (D:1)
  3 kobolds
  4 quokkas
  6 ball pythons
  6 frilled lizards
  7 rats
65 creatures vanquished.

Vanquished Creatures (collateral kills)
  A bullfrog (Sewer)
  A jelly (D:4)
  A gnoll (D:4)
  6 adders
  2 worms
  2 orcs (D:4)
  3 giant cockroaches (Sewer)
  A goblin (D:1)
  A hobgoblin (D:4)
  A jackal (D:1)
  3 quokkas
  5 ball pythons
  A bat (D:2)
  3 frilled lizards
  3 kobolds
  3 rats
37 creatures vanquished.

Grand Total: 102 creatures vanquished

Notes
Turn   | Place    | Note
-------+----------+-------------------------------------------
     0 | D:1      | Ignak the Ogre Hedge Wizard began the quest for the Orb.
     0 | D:1      | Reached XP level 1. HP: 16/16 MP: 5/5
    43 | D:1      | Noticed a golden eye
    45 | D:1      | Found a faded altar of an unknown god.
    47 | D:1      | Noticed a floating eye
    48 | D:1      | Noticed a shining eye
    48 | D:1      | Noticed a floating eye
    52 | D:1      | Reached skill level 1 in Summonings
   150 | D:1      | Reached skill level 1 in Conjurations
   150 | D:1      | Reached skill level 1 in Translocations
   259 | D:1      | Reached XP level 2. HP: 17/26 MP: 6/6
   626 | D:1      | Learned a level 2 spell: Blink
   629 | D:1      | Learned a level 2 spell: Call Imp
   743 | D:1      | Reached skill level 1 in Fighting
   793 | D:1      | Reached XP level 3. HP: 14/23 MP: 2/8
  1501 | D:2      | Found Kethrekk's Antique Armour Boutique.
  1720 | D:2      | Reached XP level 4. HP: 36/37 MP: 6/9
  1732 | D:2      | Learned a level 3 spell: Mephitic Cloud
  1978 | D:3      | Reached skill level 4 in Spellcasting
  2096 | D:3      | Found a glowing drain.
  2100 | Sewer    | Entered a sewer
  2191 | Sewer    | Reached skill level 1 in Axes
  2285 | Sewer    | Reached XP level 5. HP: 47/47 MP: 8/11
  2379 | Sewer    | Reached skill level 1 in Armour
  2393 | Sewer    | Reached skill level 1 in Air Magic
  2393 | Sewer    | Reached skill level 1 in Poison Magic
  2393 | Sewer    | Reached XP level 6. HP: 10/59 MP: 2/12
  3396 | D:4      | Found Jyble's Weapon Emporium.
  4006 | D:4      | Reached XP level 7. HP: 54/59 MP: 7/13
  4404 | D:4      | Noticed Pikel
  4697 | D:4      | Slain by a lemure

Illustrated notes

Levels and vault maps discovered:
D:1:      onia_arrival_pentagram, layout_basic,
          hellmonk_ecumenical_altar_watching_god, minmay_split_cup_large
D:2:      layout_rooms, serial_shops, shop
D:3:      layout_loops_ring, gup_sewer_entry_spiral
D:4:      layout_basic, serial_shops, nicolae_shop_behind_doors, uniq_pikel

Skill      XL: |  1  2  3  4  5  6 |
---------------+-------------------+-----
Summonings     | 1 |  1.0
Conjurations   | 1 2 |  2.3
Translocations | 1 2 |  2.3
Dodging        | 2 |  2.7
Fighting       | 1 2 3 |  3.1
Spellcasting   | 4 |  4.5
Axes           | 1 |  1.9
Armour         | 1 |  1.6
Air Magic      | 1 |  1.5
Poison Magic   | 1 |  1.4
Stealth        | |  1.4

Action                     |  1- 3 |  4- 6 |  7- 9 || total
---------------------------+-------+-------+-------++-------
  Melee: Dagger            |   182 |   142 |     2 ||   326
         Club              |    22 |     6 |       ||    28
         Short sword       |     3 |       |       ||     3
         Punch             |       |     2 |       ||     2
         Hand axe          |       |       |    33 ||    33
   Cast: Call Imp          |    16 |    29 |     4 ||    49
         Magic Dart        |     3 |     3 |       ||     6
         Blink             |     1 |     4 |     3 ||     8
         Mephitic Cloud    |       |     5 |     5 ||    10
    Use: Scroll            |     2 |     3 |     1 ||     6
         Potion            |       |     3 |       ||     3
   Stab: Sleeping          |     1 |     1 |       ||     2
         Confused          |       |     2 |     1 ||     3
 Armour: Robe              |    86 |    50 |     8 ||   144
  Dodge: Dodged            |   110 |    91 |    18 ||   219

Table legend: (Time is in decaauts)
 A = Elapsed time spent in this place.
 B = Non-inter-level travel time spent in this place.
 C = Inter-level travel time spent in this place.
 D = Time resting spent in this place.
 E = Time spent auto-exploring this place.
 F = Levels seen in this place.
 G = Mean time per level.
                   A        B        C        D        E       F      G
               +--------+--------+--------+--------+--------+-----+--------+
         Total |   4708 |   4649 |     59 |   1068 |   1807 |   5 |  941.6 |
       Dungeon |   4237 |   4178 |     59 |    911 |   1807 |   4 | 1059.2 |
         Sewer |    470 |    470 |      0 |    157 |      0 |   1 |  470.0 |
               +--------+--------+--------+--------+--------+-----+--------+

Top non-repeatable levels by time:
     D:1: 1377 daAuts
     D:3: 1211 daAuts
     D:4: 1174 daAuts
     D:2: 474 daAuts
   Sewer: 470 daAuts
